 Dungeon Crawl Stone Soup version 0.29.1-13-g9f3cf754e1 (webtiles) character file.

Game seed: 13043625800634749755

37 Oxelix the Trooper (level 3, -1/34 HPs)
             Began as a Minotaur Fighter on Feb 1, 2023.
             Succumbed to a kobold's poison
             ... on level 2 of the Dungeon.
             The game lasted 00:02:19 (1665 turns).

Oxelix the Trooper (Minotaur Fighter)               Turns: 1665, Time: 00:02:19

Health: -1/34      AC:  9    Str: 22    XL:     3   Next: 21%
Magic:  2/2        EV:  7    Int:  5    God:
Gold:   129        SH:  4    Dex:  9    Spells: 2/2 levels left

rFire   . . .      SeeInvis .   a - +0 war axe
rCold   . . .      Faith    .   c - +0 buckler
rNeg    . . .      Spirit   .   i - +0 chain mail
rPois   .          Reflect  .   (helmet restricted)
rElec   .          Harm     .   (no cloak)
rCorr   .          Rampage  .   (no gloves)
Will    .....                   (no boots)
Stlth   ..........              (no amulet)
HPRegen 0.11/turn               (no ring)
MPRegen 0.08/turn               (no ring)

@: lethally poisoned (-1 -> -21)
A: horns 2, retaliatory headbutt
a: no special abilities


You were on level 2 of the Dungeon.
You visited 1 branch of the dungeon, and saw 2 of its levels.

You collected 129 gold pieces.

Inventory:

Hand Weapons
 a - a +0 war axe (weapon)
Missiles
 o - 5 boomerangs (quivered)
Armour
 c - a +0 buckler (worn)
 i - a +0 chain mail (worn)
Scrolls
 e - a scroll of teleportation {unknown}
 f - a scroll of silence {unknown}
 h - 2 scrolls of identify {unknown}
 k - a scroll of enchant armour {unknown}
 l - a scroll of poison {unknown}
 n - a scroll of torment {unknown}
Potions
 b - a potion of haste {unknown}
 d - a potion of might
 g - a potion of curing {unknown}
 j - a potion of brilliance {unknown}
 m - a potion of attraction {unknown}
 p - a potion of lignification {unknown}


   Skills:
 + Level 4.5 Fighting
 + Level 3.6 Axes
 - Level 3.6 Armour
 - Level 3.6 Shields


You had 2 spell levels left.
You didn't know any spells.
Your spell library was empty.

Dungeon Overview and Level Annotations

Branches:
Dungeon (2/15)

Altars:

Shops:
D:2 (:*(


Innate Abilities, Weirdness & Mutations

You have a pair of horns on your head.
You reflexively headbutt those who attack you in melee.


Message History

The ball python constricts you.
You closely miss the ball python. You headbutt the ball python.
You kill the ball python!
You slash the worm! The worm bites you.
You barely miss the worm.
The worm is heavily wounded.
You barely miss the kobold. The kobold barely misses you.
The worm bites you but does no damage.
The kobold hits you with a +2 dagger of venom.
You completely miss the worm.
The worm is moderately wounded.
You barely miss the kobold. The kobold hits you but does no damage.
You are poisoned.
The worm bites you.
You slash the worm!
The worm is almost dead.
You hit the kobold.
You feel very sick. The kobold hits you but does no damage.
You are more poisoned.
The worm bites you but does no damage.
You barely miss the kobold.
The kobold is severely wounded.
You hit the worm.
You feel very sick. The kobold hits you but does no damage.
You are lethally poisoned!
The kobold hits you but does no damage.
You are more poisoned.
You closely miss the kobold. Your headbutt misses the kobold.
The kobold is severely wounded.
You barely miss the worm.
* * * LOW HITPOINT WARNING * * *
You feel extremely sick. You block the worm's attack.
The kobold hits you but does no damage.
You closely miss the kobold.
The kobold is severely wounded.
You hit the worm.
You kill the worm!
You die...

#...# ###... ....# #.##
#...#####.##
##.....##..## # #
#...#......# .#.#
###..####..#### #...#
##.## ###...###.>..#
#..###............#
#####......#.#..@†....#
...#...#...#.###K...#.#
...#.#.###...# ##.....#
...#.#.. ..### .....#
...#.##.#... ...8.#
...#.# ...### .......
####.# ..# .8.∩<8.
....# .## ###.#.. #####


You could see a kobold.

Vanquished Creatures
  2 worms (D:2)
  A dart slug (D:2)
  5 ball pythons
  3 endoplasms
  A giant cockroach (D:2)
  3 goblins
  2 hobgoblins (D:1)
  3 quokkas
  3 bats
  5 kobolds
28 creatures vanquished.

Notes
Turn   | Place    | Note
-------+----------+-------------------------------------------
     0 | D:1      | Oxelix the Minotaur Fighter began the quest for the Orb.
     0 | D:1      | Reached XP level 1. HP: 19/19 MP: 0/0
   530 | D:1      | Reached skill level 4 in Fighting
   530 | D:1      | Reached XP level 2. HP: 27/27 MP: 1/1
   961 | D:2      | Found Bimpucve's Assorted Antiques.
  1117 | D:2      | Found Adesch's Book Shop.
  1149 | D:2      | Reached XP level 3. HP: 34/34 MP: 2/2
  1150 | D:2      | Found Soim's Weapon Shoppe.
  1655 | D:2      | Found Uvocies's Weapon Emporium.
  1665 | D:2      | Succumbed to a kobold's poison

Illustrated notes

Levels and vault maps discovered:
D:1:      dpeg_arrival_solitude, layout_basic
D:2:      layout_rooms, serial_shops, shop, nicolae_shop_statue_plus,
          nicolae_shop_hallway_plus, nicolae_shop_waterfront,
          shapermc_ecumenical_altar_mp_highgroup, serial_co_window_serial,
          co_window_paths_a, co_window_paths_b, co_window_corner_a,
          co_window_paths_a, co_window_corner_a, co_window_broadway_c,
          co_window_corner_b, co_window_broadway_c, co_window_broadway_b,
          co_window_paths_c, glass_columns_c

Skill      XL: |  1  2 |
---------------+-------+-----
Fighting       | 4 |  4.5
Axes           | 3 |  3.6
Armour         | |  3.6
Shields        | |  3.6

Action                   || total
-------------------------++-------
Melee: War axe           ||    59
       Headbutt          ||     7
Armor: Scale mail        ||     7
       Chain mail        ||    31
Dodge: Dodged            ||    21
Block: Buckler           ||    13
